 Dungeon Crawl Stone Soup version 0.32-a0-814-g0968bab981 (webtiles) character file.

Game seed: 14085344105760461148

31693 jasper the Geomancer (level 13, -13/169 HPs)
             Began as a Grey Draconian Conjurer on Mar 22, 2024.
             Was a High Priest of Vehumet.
             Mangled by a komodo dragon (16 damage)
             ... on level 4 of the Lair of Beasts.
             The game lasted 00:36:00 (19981 turns).

jasper the Geomancer (Grey Draconian Conjurer)     Turns: 19981, Time: 00:36:00

Health: -13/169    AC: 26    Str:  9    XL:     13   Next: 27%
Magic:  1/28       EV:  2    Int: 24    God:    Vehumet [*****.]
Gold:   1167       SH:  0    Dex: 10    Spells: 1/35 levels left

rFire   . . .        (no weapon)
rCold   . . .        (no shield)
rNeg    . . .        (body armour unavailable)
rPois   +            N - melded +0 hat {Int+3}
rElec   .            (cloak currently unavailable)
rCorr   .            g - melded +0 pair of gloves
SInv    .            C - melded +2 pair of boots
Will    +....        (no amulet)
Stlth   ++           q - +5 ring of evasion
HPRegen 0.48/turn    d - ring of willpower
MPRegen 0.21/turn

%: no passive effects
@: tree-form
A: stationary, stasis, torment immunity, boosted hp, (mud breath),
(mud-swimmer), AC +13, (amphibious), unfitting armour, (cold-blooded)
a: Renounce Religion


You were on level 4 of the Lair of Beasts.
You worshipped Vehumet.
Vehumet was extremely pleased with you.
You were a tree.
You visited 3 branches of the dungeon, and saw 17 of its levels.

You collected 1167 gold pieces.

Inventory:

Hand Weapons
 a - a +1 dagger
 j - a +0 morningstar
 k - a +2 whip of electrocution
 v - a +3 heavy quarterstaff
Missiles
 n - 32 poisoned darts
 y - a throwing net
Armour
 g - a +0 pair of gloves (melded)
 o - a +0 kite shield
 C - a +2 pair of boots (melded)
 I - a +1 hat
 N - a +0 hat of intelligence (melded)
Magical Staves
 O - a staff of conjuration
Jewellery
 b - a ring of positive energy
 d - a ring of willpower (right branch)
 e - a ring of protection from cold
 q - a +5 ring of evasion (left branch)
 J - a ring of fire
Wands
 f - a wand of digging (13)
 r - a wand of flame (3)
 F - a wand of paralysis (6)
 G - a wand of mindburst (13)
 K - a wand of warping (3)
Scrolls
 i - 2 scrolls of immolation
 m - 6 scrolls of revelation
 s - 2 scrolls of enchant weapon
 A - 4 scrolls of teleportation
 D - 2 scrolls of fog
 E - 2 scrolls of vulnerability
 L - 2 scrolls of poison
 P - 2 scrolls of identify
Potions
 c - 3 potions of lignification
 l - a potion of haste
 p - a potion of degeneration
 t - 3 potions of mutation
 u - 3 potions of enlightenment {unknown}
 w - 2 potions of might {unknown}
 x - 3 potions of attraction {unknown}
 z - 2 potions of heal wounds {unknown}
 B - a potion of brilliance {unknown}
 H - a potion of resistance {unknown}
 M - a potion of berserk rage {unknown}
 Q - a potion of cancellation


   Skills:
 - Level 10.0 Fighting
 + Level 8.4 Dodging
 - Level 1.7 Stealth
 - Level 11.5 Spellcasting
 - Level 9.0 Conjurations
 - Level 4.0 Hexes
 - Level 4.0 Translocations
 - Level 12.0 Earth Magic
 - Level 4.0 Alchemy


You had one spell level left.
You knew the following spells:

 Your Spells              Type           Power      Damage    Failure   Level
a - Lee's Rapid Deconstr  Erth           32%        3d16*     1%          5
b - Searing Ray           Conj           100%       2d8       1%          2
c - Fulminant Prism       Conj/Alch      22%        3d12      1%          4
d - Iskenderun's Mystic   Conj/Tloc      45%        2d10      1%          4
e - Tukima's Dance        Hex            33%        N/A       2%          3
f - Stone Arrow           Conj/Erth      100%       3d13      1%          3
g - Mephitic Cloud        Conj/Alch/Air  34%        N/A       1%          3
h - Yara's Violent Unrav  Hex/Alch       16%        3d8       7%          5
i - Freezing Cloud        Conj/Ice/Air   14%        6-21      11%         5

Your spell library contained the following spells:

 Spells                   Type           Power      Damage    Failure   Level
 Kiss of Death            Conj/Necr      100%       2d13      1%          1
 Magic Dart               Conj           100%       1d8       1%          1
 Slow                     Hex            100%       N/A       1%          1
 Blink                    Tloc           66%        N/A       1%          2
 Lesser Beckoning         Tloc           66%        N/A       1%          2
 Momentum Strike          Conj/Tloc      90%        3d10      1%          2
 Dazzling Flash           Conj/Hex       90%        N/A       1%          3
 Confusing Touch          Hex            33%        N/A       2%          3
 Sigil of Binding         Hex            33%        N/A       2%          3
 Ensorcelled Hibernation  Hex/Ice        46%        N/A       3%          2
 Passage of Golubria      Tloc           33%        N/A       9%          4
 Vampiric Draining        Necr           13%        2d6       14%         3
 Dispel Undead            Necr           13%        3d9       41%         4
 Silence                  Hex/Air        11%        N/A       50%         5
 Curse of Agony           Necr           13%        N/A       77%         5
 Sculpt Simulacrum        Ice/Alch       11%        N/A       97%         6
 Death Channel            Necr           6%         N/A       100%        6


Dungeon Overview and Level Annotations

Branches:
Dungeon (11/15)            Temple (1/1) D:4            Lair (5/5) D:8
  Swamp (0/4) Lair:3        Snake (0/4) Lair:3        Slime (0/5) Lair:5
    Orc (0/2) D:10

Altars:
Ashenzari
Cheibriados
Dithmenos
Elyvilon
Fedhas
Gozag
Hepliaklqana
Kikubaaqudgha
Makhleb
Nemelex Xobeh
Okawaru
Qazlal
Ru
Sif Muna
Trog
Uskayaw
Vehumet
Wu Jian
Xom
Yredelemnul
Zin
The Shining One
Jiyva

Annotations:
D:7 3 runed translucent doors, garrulousMonolith's ghost, novice GrEE
D:9 JoadsterXIII's ghost, journeyman FoFi
D:11 exclusion: statue
Lair:1 3 runed translucent doors, soul19's ghost, journeyman DsIE
Lair:2 3 runed translucent doors, zenocrate's ghost, journeyman OpEE
Lair:5 Snorg


Innate Abilities, Weirdness & Mutations

You are a tree.
Your roots penetrate the ground, keeping you stationary.
You cannot be teleported.
You are immune to unholy pain and torment.
Your maximum health is greatly increased.
Your equipment is partially melded.
((You can breathe torrents of mud.))
((You are unimpeded by mud.))
((Your dull iron-grey scales are very hard. (AC +13)))
((You are amphibious.))
You cannot fit into any form of body armour.
((You are cold-blooded and may be slowed by cold attacks.))


Message History

The cane toad is almost dead.
The cane toad stings you!
* * * LOW HITPOINT WARNING * * *
You take 9 damage, and have 26/169 hp.
You hit the cane toad but do no damage.
The cane toad is almost dead.
The cane toad stings you but does no damage.
You smack the cane toad!
You kill the cane toad!
Vehumet accepts your kill.
You feel your power returning.
Training target 12.0 for Earth Magic reached!
Your Earth Magic skill increases to level 12!
You regained 2 mp, and now have 4/28 mp.
You hit the komodo dragon.
The komodo dragon is heavily wounded.
The komodo dragon bites you!
* * * LOW HITPOINT WARNING * * *
You take 16 damage, and have 11/169 hp.
Casting: Searing Ray (safe; 1% risk of failure)
Confirm with . or Enter, or press ? or * to list all spells.
You don't have enough magic to cast this spell.
Unknown command.
You feel better. The komodo dragon bites you!
* * * LOW HITPOINT WARNING * * *
You take 2 damage, and have 9/169 hp.
Aiming: Stone Arrow (safe; 1% risk of failure)
Press: ? - help, Q - select action, (/) - cycle Shift-Dir - straight line, f - komodo dragon
Aim: a komodo dragon (heavily wounded, 84% to hit)
The stone arrow hits the komodo dragon!
The komodo dragon is almost dead.
The komodo dragon bites you!
* * * LOW HITPOINT WARNING * * *
You take 6 damage, and have 3/169 hp.
You now have 1/28 mp.
Aiming: Mindburst
Press: ? - help, Shift-Dir - straight line, f/p - komodo dragon
Aim: a komodo dragon (severely wounded, chance to affect: 47%)
The komodo dragon resists with some effort.
The komodo dragon bites you!
You die...

##≈≈≈≈≈≈~≈≈#####.#.....##
##..#
#~≈≈~~≈~≈##..##....#...####(.#
##≈~≈≈~≈###..................#
#~≈~≈≈≈# #....~#............#
##......###.~..#..#....[.....#
#.##...###.##~###..>.........#
#####.####.##F#####..........#
#..# #..##l##..............
##.###..#.♣##÷##...#.#.#...
#..###.#......÷........#..
#.####.#.#..##)#..........
#.#.##..##########.#......
#.......# ##....##. #######.#
##.P## . ### #.## . ### #


You could see a komodo dragon and a bullfrog.

Vanquished Creatures
  Gastronok (Lair:2)
  Josephine (Lair:4)
  2 hydras (Lair:4)
  A catoblepas (Lair:4)
  A two-headed ogre (D:8)
  2 boulder beetles (D:11)
  Sonja (Lair:2)
  A skyshark (Lair:3)
  An oklob plant (Lair:3)
  9 elephants
  3 black mambas
  A torpor snail (Lair:4)
  11 cane toads
  An unseen horror (D:10)
  6 komodo dragons
  2 rime drakes (Lair:1)
  A troll (D:11)
  10 blink frogs
  2 dream sheep (Lair:5)
  5 wyverns
  2 vampires (D:10)
  A ynoxinul (D:9)
  10 yaks
  5 basilisks
  8 wraiths
  2 vampire mosquitoes
  3 steam dragons
  3 acid dragons
  6 nagas (Lair:3)
  8 water moccasins
  5 orc warriors
  A sky beast (D:8)
  3 black bears
  An ogre (D:7)
  8 centaurs
  5 wolves (Lair:1)
  4 phantoms
  A kobold brigand (D:8)
  Blork the orc (D:5)
  17 bullfrogs
  3 gnoll sergeants
  2 scorpions (D:5)
  A troll zombie (D:10)
  3 killer bees (D:5)
  7 electric eels
  2 howler monkeys
  4 bombardier beetles
  4 hounds
  3 jellies
  7 orc priests
  4 gnoll boudas
  3 iguanas
  Ijyb (D:3)
  6 orc wizards
  5 hell rats (Lair:5)
  7 ogre zombies (D:10)
  21 gnolls
  12 adders
  A river rat (D:3)
  A white imp (D:6)
  2 ufetubi (D:5)
  4 ribbon worms
  2 dart slugs
  25 orcs
  6 bats
  9 endoplasms
  3 giant cockroaches
  5 gnoll zombies (D:10)
  7 goblins
  18 hobgoblins
  7 jackals
  16 kobolds
  A quokka (D:5)
  3 ball pythons
  4 frilled lizards
  3 gnoll skeletons (D:10)
  7 orc skeletons (D:10)
  10 orc zombies (D:10)
  11 rats
  A butterfly (Lair:3)
397 creatures vanquished.

Vanquished Creatures (collateral kills)
  A gnoll (D:7)
1 creature vanquished.

Vanquished Creatures (others)
  17 fulminant prisms
17 creatures vanquished.

Grand Total: 415 creatures vanquished

Notes
Turn   | Place    | Note
-------+----------+-------------------------------------------
     0 | D:1      | jasper the Draconian Conjurer began the quest for the Orb.
     0 | D:1      | Reached XP level 1. HP: 14/14 MP: 3/3
   203 | D:1      | Reached XP level 2. HP: 17/20 MP: 0/5
   206 | D:1      | Learned a level 2 spell: Searing Ray
   991 | D:1      | Reached skill level 5 in Conjurations
  1034 | D:1      | Reached XP level 3. HP: 26/26 MP: 2/6
  1969 | D:2      | Reached XP level 4. HP: 33/33 MP: 3/7
  2014 | D:2      | Learned a level 4 spell: Fulminant Prism
  2774 | D:3      | Reached XP level 5. HP: 28/38 MP: 2/8
  2898 | D:3      | Noticed Ijyb
  2931 | D:4      | Reached skill level 1 in Alchemy
  3292 | D:4      | Found a staircase to the Ecumenical Temple.
  3305 | Temple   | Entered the Ecumenical Temple
  3317 | Temple   | Became a worshipper of Vehumet
  3340 | D:4      | Reached XP level 6. HP: 45/45 MP: 2/9
  4026 | D:4      | Learned a level 4 spell: Iskenderun's Mystic Blast
  4084 | D:5      | Entered Level 5 of the Dungeon
  4121 | D:5      | Reached skill level 1 in Translocations
  4121 | D:5      | Your scales start taking on a dull iron-grey colour.
  4121 | D:5      | Reached XP level 7. HP: 36/50 MP: 1/11
  4582 | D:5      | Noticed Blork the orc
  4586 | D:5      | Killed Blork the orc
  4748 | D:5      | Reached * piety under Vehumet
  4748 | D:5      | Offered knowledge of Freeze by Vehumet.
  4749 | D:5      | Reached XP level 8. HP: 35/57 MP: 1/12
  6368 | D:7      | Reached skill level 1 in Fighting
  6459 | D:7      | Found a runed translucent gate.
  6459 | D:7      | Found a runed translucent gate.
  6459 | D:7      | Found a runed translucent gate.
  6459 | D:7      | Found an opulent altar of Gozag.
  6476 | D:7      | Noticed a centaur warrior
  6478 | D:7      | Noticed garrulousMonolith's ghost (novice GrEE)
  6913 | D:7      | Offered knowledge of Mercury Vapours by Vehumet.
  7080 | D:7      | Reached ** piety under Vehumet
  7111 | D:7      | Learned a level 3 spell: Tukima's Dance
  7200 | D:7      | Reached skill level 1 in Hexes
  7233 | D:7      | Reached XP level 9. HP: 54/70 MP: 5/15
  8231 | D:8      | Offered knowledge of Scorch by Vehumet.
  8607 | D:8      | Noticed a komodo dragon
  8645 | D:8      | Killed a komodo dragon
  8645 | D:8      | Reached *** piety under Vehumet
  8646 | D:8      | Reached skill level 5 in Fighting
  8862 | D:8      | Noticed a komodo dragon
  9242 | D:9      | Reached skill level 5 in Spellcasting
  9398 | D:9      | Found a runed translucent door.
  9398 | D:9      | Noticed JoadsterXIII's ghost (journeyman FoFi)
  9867 | D:9      | Reached skill level 5 in Dodging
  9867 | D:9      | Reached XP level 10. HP: 83/83 MP: 8/18
  9882 | D:10     | Entered Level 10 of the Dungeon
 10016 | D:10     | Offered knowledge of Stone Arrow by Vehumet.
 10112 | D:10     | Learned a level 3 spell: Stone Arrow
 10200 | D:10     | Reached skill level 1 in Earth Magic
 10486 | D:10     | Reached skill level 2 in Earth Magic
 10492 | D:10     | Found a staircase to the Orcish Mines.
 10587 | D:10     | Reached **** piety under Vehumet
 10617 | D:10     | Offered knowledge of Lee's Rapid Deconstruction by Vehumet.
 10779 | D:10     | Reached skill level 3 in Earth Magic
 11145 | D:10     | Reached skill level 4 in Earth Magic
 11865 | D:10     | Learned a level 5 spell: Lee's Rapid Deconstruction
 12352 | D:11     | Noticed a boulder beetle
 12383 | D:11     | Killed a boulder beetle
 12546 | D:11     | Found a radiant altar of Vehumet.
 12562 | D:11     | Got the Anthology of the Faeries
 12719 | D:11     | Noticed a boulder beetle
 12725 | D:11     | Killed a boulder beetle
 13116 | D:3      | Killed Ijyb
 13117 | D:3      | Reached XP level 11. HP: 91/91 MP: 17/23
 13121 | D:3      | Learned a level 3 spell: Mephitic Cloud
 13156 | D:3      | Found a hazy altar of Hepliaklqana.
 13157 | D:3      | Found a shimmering altar of Xom.
 13660 | D:8      | Noticed a two-headed ogre
 13663 | D:8      | Killed a two-headed ogre
 14227 | D:8      | Found a staircase to the Lair.
 14260 | Lair:1   | Entered Level 1 of the Lair of Beasts
 14306 | Lair:1   | Learned a level 5 spell: Yara's Violent Unravelling
 14504 | Lair:1   | Reached skill level 10 in Spellcasting
 14676 | Lair:1   | Reached skill level 5 in Earth Magic
 15280 | Lair:1   | Reached skill level 6 in Earth Magic
 15450 | Lair:1   | Reached ***** piety under Vehumet
 15450 | Lair:1   | Offered knowledge of Freezing Cloud by Vehumet.
 15686 | Lair:1   | Found a runed translucent gate.
 15686 | Lair:1   | Found a runed translucent gate.
 15691 | Lair:1   | Found a runed translucent gate.
 15692 | Lair:1   | Noticed soul19's ghost (journeyman DsIE)
 15697 | Lair:1   | Found a viscous altar of Jiyva.
 16029 | Lair:2   | Found a runed translucent gate.
 16030 | Lair:2   | Found a runed translucent gate.
 16032 | Lair:2   | Found a runed translucent gate.
 16062 | Lair:2   | Noticed Sonja
 16081 | Lair:2   | Killed Sonja
 16091 | Lair:2   | Noticed zenocrate's ghost (journeyman OpEE)
 16310 | Lair:2   | Noticed Gastronok
 16320 | Lair:2   | Killed Gastronok
 16321 | Lair:2   | Reached XP level 12. HP: 67/100 MP: 9/27
 16868 | Lair:2   | Learned a level 5 spell: Freezing Cloud
 17225 | Lair:3   | Noticed a seven-headed hydra
 17307 | Lair:3   | Reached skill level 7 in Earth Magic
 17457 | Lair:3   | Found a staircase to the Swamp.
 17563 | Lair:3   | Reached skill level 8 in Earth Magic
 17833 | Lair:3   | Reached skill level 9 in Earth Magic
 18089 | Lair:3   | Found a staircase to the Snake Pit.
 18772 | Lair:4   | Noticed an eight-headed hydra
 18775 | Lair:4   | Killed an eight-headed hydra
 18809 | Lair:4   | Killed a seven-headed hydra
 18964 | Lair:4   | You fall into a shaft and drop 1 floor!
 18964 | Lair:5   | Entered Level 5 of the Lair of Beasts
 18969 | Lair:5   | Reached skill level 10 in Earth Magic
 19008 | Lair:5   | Found a staircase to the Slime Pits.
 19008 | Lair:5   | Found a viscous altar of Jiyva.
 19077 | Lair:5   | Noticed Snorg
 19102 | Lair:5   | Noticed a seven-headed hydra
 19120 | Lair:4   | Noticed Josephine
 19153 | Lair:4   | HP: 5/104 [Josephine/vampiric draining (20)]
 19158 | Lair:4   | Killed Josephine
 19167 | Lair:4   | Reached skill level 11 in Earth Magic
 19167 | Lair:4   | Reached XP level 13. HP: 13/111 MP: 1/28
 19455 | Lair:4   | Found a sparkling altar of Nemelex Xobeh.
 19966 | Lair:4   | Reached skill level 10 in Fighting
 19978 | Lair:4   | Reached skill level 12 in Earth Magic
 19980 | Lair:4   | HP: 3/169 [komodo dragon (7)]
 19981 | Lair:4   | Mangled by a komodo dragon

Illustrated notes

Levels and vault maps discovered:
D:1:      giann_bridges, layout_rooms, minmay_misc_feat_secret_circle,
          nicolae_hexahallways, minmay_3d_cube
D:2:      layout_basic, dk_noncrumbling_4, minmay_rat_gold_closets
D:3:      layout_loops_cross, regret_index_temple_of_mockery,
          portal_sewer_entry_b, uniq_ijyb
D:4:      layout_loops_ring, minmay_temple_entry_ruins
D:5:      layout_rooms, nrook_campfire, uniq_blork_the_orc
D:6:      layout_cave_pools, hangedman_decor_push
D:7:      kennysheep_housing_project, layout_loops_ring, ebering_ghost_gozag,
          kennysheep_generic_room_13, uniq_crazy_yiuf_cottage
D:8:      layout_basic, erik_lair_dragon, nrook_pool_corridor,
          kennysheep_generic_room_8
D:9:      layout_stronghold, hellmonk_ghost_big_iron, serial_bayou_pond_e
D:10:     layout_loops_ring, zombieorc2_lemuel
D:11:     layout_irregular_city, vehumet_statue
Temple:   nicolae_temple_bog_church
Lair:1:   layout_loops_ring, gammafunk_ghost_ooze, grunt_megastairs_2
Lair:2:   layout_layer_cave, gammafunk_ghost_necromancy, lemuel_fruit_fields,
          infiniplex_staircase_pool_2, uniq_sonja, uniq_gastronok
Lair:3:   layout_concentric_octagons, minmay_swamp_entry_eels,
          minmay_snake_entry_guardpost_large, dpeg_oklob_1, lemuel_fruit_tree,
          infiniplex_staircase_pool, serial_bayou_shore_a, lemuel_fruit_fields,
          grunt_megastairs_4
Lair:4:   nzn_winding_woodlands_medium [nzn_winding_woodlands_5x5_default,
          nzn_winding_woodlands_5x15_pathside_ponds,
          nzn_winding_woodlands_5x5_cross, nzn_winding_woodlands_5x5_three,
          nzn_winding_woodlands_center_diamonds,
          nzn_winding_woodlands_5x5_perimeter,
          nzn_winding_woodlands_5x5_checkerboard,
          nzn_winding_woodlands_5x15_lazy_stream,
          nzn_winding_woodlands_5x5_default], layout_loops_ring,
          lemuel_centaur_altar, uniq_josephine
Lair:5:   minmay_lair_end_frog_pond, layout_loops_ring, slime_entry_1,
          hellmonk_talismancer, uniq_snorg

Skill      XL: |  1  2  3  4  5  6  7  8  9 10 11 12 13 |
---------------+----------------------------------------+-----
Conjurations   | 5 6 7 9 |  9.0
Alchemy        | 3 4 |  4.0
Spellcasting   | 3 4 5 8 11 | 11.5
Translocations | 1 4 |  4.0
Fighting       | 3 5 6 7 9 10 | 10.0
Dodging        | 3 5 6 7 8 |  8.4
Hexes          | 1 4 |  4.0
Earth Magic    | 4 6 11 12 | 12.0
Stealth        | |  1.7

Action                     |  1- 3 |  4- 6 |  7- 9 | 10-12 | 13-15 || total
---------------------------+-------+-------+-------+-------+-------++-------
  Melee: Unarmed           |     1 |       |    37 |     9 |     9 ||    56
         Dagger            |    47 |       |       |       |       ||    47
         Tailslap          |     6 |     2 |    16 |    24 |     7 ||    55
         Morningstar       |       |    26 |     5 |       |       ||    31
         Quarterstaff      |       |       |    31 |       |       ||    31
         Whip              |       |       |    65 |   161 |       ||   226
         Staff             |       |       |       |    29 |    21 ||    50
   Cast: Magic Dart        |    81 |    64 |    94 |    16 |       ||   255
         Searing Ray       |     3 |    13 |    47 |     8 |     3 ||    74
         Fulminant Prism   |       |       |    12 |     5 |       ||    17
         Iskenderun's Myst |       |       |     6 |    16 |     2 ||    24
         Tukima's Dance    |       |       |     5 |       |       ||     5
         Stone Arrow       |       |       |       |   204 |    23 ||   227
         Lee's Rapid Decon |       |       |       |    27 |     6 ||    33
         Mephitic Cloud    |       |       |       |     2 |       ||     2
         Freezing Cloud    |       |       |       |    24 |     6 ||    30
         Yara's Violent Un |       |       |       |     1 |       ||     1
Ability: Mud Breath        |       |       |     3 |     4 |     2 ||     9
  Evoke: Wand              |       |       |     5 |    13 |     3 ||    21
    Use: Scroll            |     2 |       |    15 |     9 |       ||    26
         Potion            |     1 |       |     2 |    11 |     6 ||    20
 Armour: Skin              |    51 |    35 |   195 |   214 |    48 ||   543
  Dodge: Dodged            |    31 |    31 |   164 |   202 |    52 ||   480

Table legend: (Time is in decaauts)
 A = Elapsed time spent in this place.
 B = Non-inter-level travel time spent in this place.
 C = Inter-level travel time spent in this place.
 D = Time resting spent in this place.
 E = Time spent auto-exploring this place.
 F = Levels seen in this place.
 G = Mean time per level.
                   A        B        C        D        E       F      G
               +--------+--------+--------+--------+--------+-----+--------+
         Total |  20046 |  19433 |    613 |    457 |  16198 |  17 | 1179.2 |
       Dungeon |  14291 |  13810 |    481 |    387 |  11439 |  11 | 1299.2 |
        Temple |     21 |      5 |     16 |      0 |      0 |   1 |   21.0 |
          Lair |   5732 |   5616 |    116 |     70 |   4759 |   5 | 1146.4 |
               +--------+--------+--------+--------+--------+-----+--------+

Top non-repeatable levels by time:
    D:10: 2035 daAuts
     D:7: 1961 daAuts
  Lair:3: 1611 daAuts
     D:8: 1599 daAuts
  Lair:1: 1493 daAuts
     D:1: 1488 daAuts
  Lair:2: 1416 daAuts
     D:5: 1350 daAuts
     D:4: 1198 daAuts
    D:11: 1086 daAuts
  Lair:4: 1065 daAuts
     D:2: 1065 daAuts
     D:9: 876 daAuts
     D:3: 832 daAuts
     D:6: 799 daAuts
